 Dungeon Crawl Stone Soup version 0.25.0-26-g0c896c7088 (webtiles) character file.

Game seed: 16836352838000802354

1660 lepoulpe303 the Sneak (level 8, -12/39 HPs)
             Began as a Spriggan Enchanter on July 2, 2020.
             Was a Believer of Ashenzari.
             Mangled by Joseph
             ... wielding a +0 quarterstaff
              (20 damage)
             ... on level 7 of the Dungeon on July 3, 2020.
             The game lasted 00:40:28 (11043 turns).

lepoulpe303 the Sneak (Spriggan Enchanter)         Turns: 11043, Time: 00:40:28

Health: -12/39     AC:  2    Str:  4    XL:     8   Next: 68%
Magic:  18/18      EV: 22    Int: 18    God:    Ashenzari [**....]
Gold:   348        SH:  0    Dex: 23    Spells: 4/19 levels left

rFire    . . .     SeeInvis +   b - +0 rapier
rCold    . . .     Gourm    .   (shield restricted)
rNeg     . . .     Faith    .   n - +0 robe (curse)
rPois    .         Spirit   .   v - +0 hat
rElec    .         Reflect  .   (no cloak)
rCorr    .         Harm     .   (gloves unavailable)
MR       +....                  (boots unavailable)
Stlth    ++++......             o - amulet of magic regeneration (curse)
HPRegen  0.13/turn              g - +6 ring of dexterity (curse)
MPRegen  0.41/turn              W - ring of wizardry (curse) {Wiz+}

@: confusing touch, very quick
A: very small, unfitting armour, see invisible, herbivore, speed 3, slow
metabolism 2
a: Curse Item, Scrying, Renounce Religion


You were on level 7 of the Dungeon.
You worshipped Ashenzari.
Ashenzari was pleased with you.
You were not hungry.

You visited 1 branch of the dungeon, and saw 7 of its levels.

You collected 348 gold pieces.

Inventory:

Hand Weapons
 a - a +1 dagger
 b - a +0 rapier (weapon)
Missiles
 y - 6 curare-tipped darts (quivered)
Armour
 n - a cursed +0 robe (worn)
 v - a +0 hat (worn)
Jewellery
 g - a cursed +6 ring of dexterity (left hand)
 k - an uncursed ring of flight
 o - a cursed amulet of magic regeneration (around neck)
 I - an uncursed ring of protection from cold
 W - a cursed ring of wizardry (right hand) {Wiz+}
Wands
 p - a wand of acid (6)
Scrolls
 f - a scroll of immolation {unknown}
 i - 3 scrolls of identify
 j - 2 scrolls of enchant armour {unknown}
 m - 2 scrolls of enchant weapon {unknown}
 s - a scroll of fear {unknown}
 t - 5 scrolls of teleportation
 u - 2 scrolls of random uselessness {unknown}
 w - 3 scrolls of remove curse
Potions
 c - 2 potions of stabbing
 d - 4 potions of might
 h - a potion of magic {unknown}
 l - a potion of heal wounds
 q - 2 potions of curing
 r - a potion of berserk rage {unknown}
 x - 2 potions of brilliance
 z - a potion of degeneration {unknown}
 A - a potion of lignification {unknown}
Comestibles
 e - 2 rations


   Skills:
 + Level 2.4 Fighting
 * Level 5.3 Short Blades
 + Level 5.6 Dodging
 + Level 7.0 Stealth
 * Level 6.2 Spellcasting
 * Level 6.7(9.1) Hexes
 + Level 2.1(3.9) Air Magic
 * Level 3.2(5.2) Poison Magic


You had 4 spell levels left.
You knew the following spells:

 Your Spells              Type           Power        Failure   Level  Hunger
a - Ensorcelled Hibernat  Hex/Ice        ###...       1%          2    None
b - Tukima's Dance        Hex            #####...     1%          3    ##.....
c - Confusing Touch       Hex            #####...     1%          3    ##.....
f - Dazzling Flash        Conj/Hex       ###...       1%          3    ##.....
v - Corona                Hex            #####..      1%          1    None
x - Mephitic Cloud        Conj/Pois/Air  ###.....     4%          3    ##.....

Your spell library contained the following spells:

 Spells                   Type           Power        Failure   Level  Hunger
 Slow                     Hex            #####...     1%          2    None
 Magic Dart               Conj           #...         4%          1    None
 Blink                    Tloc           N/A          6%          2    None
 Call Imp                 Summ           #.......     6%          2    None
 Conjure Flame            Conj/Fire      #.......     12%         3    ##.....


Dungeon Overview and Level Annotations

Branches:
Dungeon (7/15)             Temple (0/1) D:4

Altars:
Ashenzari
Dithmenos
Nemelex Xobeh
Vehumet
Wu Jian
Xom
Yredelemnul

Annotations:
D:7 Joseph


Innate Abilities, Weirdness & Mutations

You are very small and have problems with some larger weapons.
You are too small for most types of armour.
You have supernaturally acute eyesight. (SInv)
You are a herbivore.
You cover ground extremely quickly.
You need to consume almost no food.


Message History

Joseph wields a +0 quarterstaff.
Joseph barely misses you.
You hit Joseph but do no damage.
A wight comes into view. It is wielding a +3 mace of freezing.
Joseph hits you with a +0 quarterstaff!
You take 13 damage, and have 26/39 hp.
MASSIVE DAMAGE!!
You hit Joseph but do no damage. The orc hits you with a +0 dagger.
* * * LOW HITPOINT WARNING * * *
You take 4 damage, and have 22/39 hp.
You hit Joseph but do no damage. Joseph hits you with a +0 quarterstaff!
* * * LOW HITPOINT WARNING * * *
The orc hits you but does no damage. The bullfrog hits you.
* * * LOW HITPOINT WARNING * * *
You take 15 damage, and have 7/39 hp.
MASSIVE DAMAGE!!
MP restored: 18 You hit Joseph but do no damage.
Joseph hits you with a +0 quarterstaff!!
Ouch! That really hurt!
You die...

#......... #.......... ##
#..........# .#
#..........# .#
#####..........#* , .#
#...#..........# ,,*,
.#########...#..........#,
...)....รท....'...o......+
* ,
.###.#####...#(.@@......#
* .....# #####..F.!.....#
####.# #..........# #.# *
#.....z....# * * #.#
,................ , #.#
#####.....z..... ####.#, *
#.......?... , .....# , ,,
#..........., , * ####.# *
* #z.......[..


You could see Joseph, a bullfrog, 2 wights and an orc.

Levels and vault maps discovered:
D:1:      dpeg_arrival_chambers_temple_mockup, layout_loops_cross, minivault_19,
          ashenzari_altar_1
D:2:      layout_basic, lemuel_zombie_altar_yredelemnul
D:3:      minmay_octagon_keep, layout_basic
D:4:      layout_basic, minmay_temple_entry_glassed_door, first_ration,
          minmay_misc_feat_plants
D:5:      layout_basic, kennysheep_mini_moat, lemuel_coloured_pillars_altar
D:6:      kennysheep_big_flooded_room, layout_basic,
          nicolae_overflow_hidden_temple, basic_altar
D:7:      layout_basic, kennysheep_generic_room_8, uniq_joseph

Notes
Turn   | Place    | Note
-------+----------+-------------------------------------------
     0 | D:1      | lepoulpe303 the Spriggan Enchanter began the quest for the
                  | Orb.
     0 | D:1      | Reached XP level 1. HP: 9/9 MP: 5/5
   182 | D:1      | Found a shattered altar of Ashenzari.
   182 | D:1      | Identified a +0 club
   191 | D:1      | Became a worshipper of Ashenzari the Shackled
   206 | D:1      | Reached XP level 2. HP: 12/13 MP: 6/6
   212 | D:1      | Learned a level 2 spell: Ensorcelled Hibernation
   259 | D:1      | Identified a +0 club
   590 | D:1      | Identified a cursed -3 short sword
   777 | D:1      | Identified a +0 club
   786 | D:1      | Identified a ring of dexterity
   807 | D:1      | Reached skill level 3 in Spellcasting
   808 | D:1      | Identified a +0 club
  1309 | D:1      | Identified a +0 club
  1641 | D:2      | Identified a ring of flight
  1644 | D:2      | Identified a +0 chain mail
  1652 | D:2      | Identified a +0 dagger
  1657 | D:2      | Reached XP level 3. HP: 17/17 MP: 8/8
  1733 | D:2      | Reached skill level 4 in Hexes
  1978 | D:2      | Identified a +0 leather armour
  1984 | D:2      | Identified a +0 club
  1990 | D:2      | Reached skill level 2 in Short Blades
  2014 | D:2      | Learned a level 3 spell: Confusing Touch
  2181 | D:2      | Found a basalt altar of Yredelemnul.
  2284 | D:2      | Reached XP level 4. HP: 13/21 MP: 5/10
  2401 | D:2      | Identified a +0 club
  2693 | D:2      | Identified 6 scrolls of identify
  2693 | D:2      | Identified 2 potions of might
  2694 | D:2      | Identified a potion of heal wounds
  2695 | D:2      | Identified 3 scrolls of teleportation
  2762 | D:3      | Identified a +0 dagger
  2780 | D:3      | Identified a +0 rapier
  2798 | D:3      | HP: 5/21 [iguana (8)]
  2802 | D:3      | Reached skill level 5 in Stealth
  3143 | D:3      | Reached * piety under Ashenzari
  3150 | D:3      | Learned a level 3 spell: Tukima's Dance
  3207 | D:3      | Reached skill level 1 in Fighting
  3207 | D:3      | Reached XP level 5. HP: 25/25 MP: 6/11
  3284 | D:3      | Identified a +0 morningstar
  3284 | D:3      | Identified a +0 leather armour
  3506 | D:3      | Identified a +0 scale mail
  3737 | D:3      | Reached skill level 3 in Short Blades
  3737 | D:3      | Reached skill level 4 in Dodging
  3737 | D:3      | Reached skill level 4 in Spellcasting
  3770 | D:3      | Identified a +0 club
  3771 | D:3      | Identified a +0 club
  4031 | D:3      | Identified a +1 vorpal scimitar
  4031 | D:3      | Identified a +0 leather armour
  4083 | D:3      | Identified a +0 club
  4093 | D:3      | Identified a +1 dagger
  4098 | D:3      | Identified a +0 club
  4351 | D:4      | Identified a +0 chain mail
  4373 | D:4      | Identified an amulet of magic regeneration
  4419 | D:4      | Identified a +0 dagger
  4419 | D:4      | Identified a +0 robe
  4619 | D:4      | Found a staircase to the Ecumenical Temple.
  4626 | D:4      | Identified a +0 dagger
  4626 | D:4      | Identified a +0 robe
  4630 | D:4      | Identified a +0 flail
  4630 | D:4      | Identified a +0 chain mail
  4820 | D:4      | Identified a +0 leather armour
  4923 | D:4      | Identified a +0 robe
  4929 | D:4      | Identified a ring of wizardry
  4953 | D:4      | Reached XP level 6. HP: 30/30 MP: 10/13
  5254 | D:4      | Found a staircase to the Ecumenical Temple.
  5582 | D:4      | Reached skill level 5 in Hexes
  5588 | D:4      | HP: 7/30 [orc (5)]
  6158 | D:5      | Entered Level 5 of the Dungeon
  6212 | D:5      | Identified a +0 giant club
  6451 | D:5      | Identified a +0 ring mail
  6454 | D:5      | Reached ** piety under Ashenzari
  6465 | D:5      | Learned a level 3 spell: Mephitic Cloud
  6487 | D:5      | Identified a ring of teleportation
  6516 | D:5      | Identified a +0 robe
  6540 | D:5      | Identified a +0 hat (You found it on level 5 of the
                  | Dungeon)
  6540 | D:5      | Identified 2 potions of stabbing
  6541 | D:5      | Identified 2 potions of curing
  6550 | D:5      | Identified a +0 ring mail
  6555 | D:5      | Identified a +0 dagger
  6555 | D:5      | Identified a cursed +0 robe
  6555 | D:5      | Identified a cursed -2 flail
  6572 | D:5      | Identified a +0 giant club
  6607 | D:5      | Found a radiant altar of Vehumet.
  6628 | D:5      | Reached XP level 7. HP: 33/33 MP: 12/15
  6632 | D:5      | Found a shimmering altar of Xom.
  6763 | D:5      | Reached skill level 4 in Short Blades
  6763 | D:5      | Reached skill level 5 in Spellcasting
  6763 | D:5      | Reached skill level 1 in Poison Magic
  6810 | D:4      | Learned a level 3 spell: Dazzling Flash
  6834 | D:5      | HP: 4/34 [orc wizard/magic dart (9)]
  6836 | D:5      | Reached skill level 6 in Stealth
  7482 | D:6      | Reached skill level 1 in Air Magic
  7507 | D:6      | Identified a +0 robe
  7521 | D:6      | Identified a +0 whip
  7521 | D:6      | Identified a +0 leather armour
  7521 | D:6      | Identified a +0 halberd
  7629 | D:6      | Identified a +0 whip
  7637 | D:6      | Identified a cursed -2 whip
  7671 | D:6      | Reached skill level 5 in Dodging
  7898 | D:6      | Identified a +0 giant spiked club
  7905 | D:6      | Identified a +0 leather armour
  7906 | D:6      | Reached skill level 2 in Fighting
  7906 | D:6      | Reached skill level 6 in Hexes
  7906 | D:6      | Reached skill level 2 in Poison Magic
  7938 | D:6      | Found a shadowy altar of Dithmenos.
  8128 | D:6      | Identified a +0 shortbow
  8137 | D:6      | Reached XP level 8. HP: 38/39 MP: 10/17
  8157 | D:6      | Identified a +0 club
  8157 | D:6      | Identified a +0 flail
  8157 | D:6      | Identified a +0 mace
  8157 | D:6      | Identified a +0 scale mail
  8449 | D:6      | Found an ornate altar of the Wu Jian Council.
  8469 | D:6      | Found a sparkling altar of Nemelex Xobeh.
  8734 | D:6      | Identified a +0 ring mail
  8876 | D:6      | HP: 3/39 [electric eel/bolt of electricity (14)]
  8895 | D:6      | Identified a +0 war axe
  8895 | D:6      | Identified a +0 leather armour
  9037 | D:6      | Identified a +0 leather armour
  9044 | D:6      | Identified a +0 dagger
  9044 | D:6      | Identified a +0 robe
  9205 | D:6      | Found a basalt altar of Yredelemnul.
  9256 | D:6      | Reached skill level 5 in Short Blades
  9444 | D:6      | Identified a ring of protection from cold
  9518 | D:6      | Identified a +0 mace
  9518 | D:6      | Identified a +0 hand axe
  9518 | D:6      | Identified a +0 ring mail
  9518 | D:6      | Identified a +0 dagger
  9518 | D:6      | Identified a +0 robe
 10425 | D:7      | Identified a potion of brilliance
 10450 | D:7      | Identified a +0 dagger
 10450 | D:7      | Identified a +0 robe
 10450 | D:7      | Identified a +0 club
 10450 | D:7      | Identified a +0 club
 10462 | D:7      | Identified a +0 morningstar
 10462 | D:7      | Identified a +0 chain mail
 10464 | D:7      | Reached skill level 6 in Spellcasting
 10534 | D:7      | Identified a +0 giant club
 10562 | D:7      | Identified a cursed -1 ring mail
 10562 | D:7      | Identified a +0 falchion
 10562 | D:7      | Identified a +0 leather armour
 10563 | D:7      | Identified a +0 whip
 10563 | D:7      | Identified a +0 leather armour
 10590 | D:7      | Reached skill level 2 in Air Magic
 10590 | D:7      | Reached skill level 3 in Poison Magic
 10592 | D:7      | Identified a +0 dagger
 10592 | D:7      | Identified a +0 robe
 10594 | D:7      | Identified a +0 dagger
 10594 | D:7      | Identified a +0 robe
 10761 | D:7      | Identified a +0 chain mail
 10805 | D:7      | Identified a cursed +0 chain mail
 10830 | D:7      | Identified a cursed +0 robe
 10835 | D:7      | Reached skill level 7 in Stealth
 11016 | D:7      | Identified a +0 dagger
 11017 | D:7      | Identified a +0 quarterstaff
 11017 | D:7      | Identified a +0 hunting sling
 11017 | D:7      | Identified a +0 leather armour
 11017 | D:7      | Noticed Joseph
 11018 | D:7      | Identified a +4 war axe
 11018 | D:7      | Identified a +0 robe
 11038 | D:7      | Identified a +2 trident
 11038 | D:7      | Identified a +0 robe
 11040 | D:7      | Identified a +3 mace of freezing
 11040 | D:7      | Identified a +0 robe
 11042 | D:7      | HP: 8/39 [Joseph/+0 quarterstaff (14)]
 11043 | D:7      | Mangled by Joseph

Table legend:
 A = Turns spent in this place as a percentage of turns spent in the entire game.
 B = Non-inter-level travel turns spent in this place as a percentage of non-inter-level travel turns spent in the entire game.
 C = Inter-level travel turns spent in this place as a percentage of turns spent in this place.
 D = Turns resting spent in this place as a percentage of non-inter-level travel turns spent in this place.
 E = Turns spent auto-exploring this place as a percentage of non-inter-level travel turns spent in this place.
 F = Non-inter-level travel turns spent in this place divided by the number of levels of this place that you've seen.
                   A       B       C       D       E      F
               +-------+-------+-------+-------+-------+----------------------
         Total | 100.0 | 100.0 |   1.9 |  38.4 |  36.3 | 1547.6
       Dungeon | 100.0 | 100.0 |   1.9 |  38.4 |  36.3 | 1547.6
               +-------+-------+-------+-------+-------+----------------------

Table legend:
 A = Kills in this place as a percentage of kills in entire the game.
 B = Kills by you in this place as a percentage of kills by you in the entire game.
 C = Kills by friends in this place as a percentage of kills by friends in the entire game.
 D = Other kills in this place as a percentage of other kills in the entire game.
 E = Experience gained in this place as a percentage of experience gained in the entire game.
 F = Experience gained in this place divided by the number of levels of this place that you have seen.
                   A       B       C       D       E      F
               +-------+-------+-------+-------+-------+----------------------
         Total | 100.0 | 100.0 | 100.0 |   N/A | 100.0 | 338.9
       Dungeon | 100.0 | 100.0 | 100.0 |   N/A | 100.0 | 338.9
               +-------+-------+-------+-------+-------+----------------------

Skill      XL: |  1  2  3  4  5  6  7  8 |
---------------+-------------------------+-----
Spellcasting   | 3 4 5 6 |  6.2
Hexes          | 4 5 6 |  6.7
Short Blades   | 2 3 4 5 |  5.3
Stealth        | 5 6 7 |  7.0
Fighting       | 1 2 |  2.4
Dodging        | 4 5 |  5.6
Poison Magic   | 2 3 |  3.2
Air Magic      | 1 2 |  2.1

Action                   |  1- 3 |  4- 6 |  7- 9 || total
-------------------------+-------+-------+-------++-------
Melee: Dagger            |   179 |   139 |       ||   318
       Rapier            |       |    59 |   248 ||   307
 Cast: Ensorcelled Hiber |     5 |    32 |    54 ||    91
       Confusing Touch   |       |     1 |     7 ||     8
       Tukima's Dance    |       |     1 |     1 ||     2
       Corona            |       |     1 |       ||     1
       Dazzling Flash    |       |       |     4 ||     4
       Mephitic Cloud    |       |       |     2 ||     2
Invok: Curse Item        |     1 |     2 |     1 ||     4
  Use: Scroll            |       |     5 |     1 ||     6
 Stab: Sleeping          |    15 |    17 |    31 ||    63
       Distracted        |       |     1 |       ||     1
       Confused          |       |     1 |    10 ||    11
       Invisible         |       |       |     1 ||     1
  Eat: Ration            |       |     3 |     2 ||     5
Armor: Robe              |    18 |    20 |     5 ||    43
Dodge: Dodged            |   131 |   167 |   222 ||   520

Vanquished Creatures
  An ice beast (D:5)
  A phantom (D:6)
  4 ogres
  A centaur (D:6)
  A bullfrog (D:6)
  A wyvern skeleton (D:6)
  An electric eel (D:6)
  A howler monkey (D:3)
  A crimson imp (D:3)
  4 orc priests
  3 hounds
  A bullfrog skeleton (D:6)
  A gnoll shaman (D:6)
  4 iguanas
  8 orc wizards
  2 worker ants
  A worker ant zombie (D:6)
  3 gnolls (D:6)
  8 adders
  3 worms
  3 dart slugs
  3 leopard geckos
  20 orcs
  2 ball pythons
  9 bats
  4 giant cockroaches
  10 goblins
  5 hobgoblins
  6 jackals
  3 kobolds
  4 quokkas
  4 frilled lizards
  A giant cockroach zombie (D:5)
  2 gnoll zombies (D:2)
  2 quokka skeletons
  6 rats
134 creatures vanquished.

Vanquished Creatures (collateral kills)
  An adder (D:5)
1 creature vanquished.

Grand Total: 135 creatures vanquished
